 Dungeon Crawl Stone Soup version 0.30-a0-748-ge6a52f7cba (webtiles) character file.

Game seed: 18046269192432051979

9352 Newt the Markskobold (level 11, -2/63 HPs)
             Began as a Kobold Hunter on Feb 8, 2023.
             Slain by a troll (6 damage)
             ... on level 11 of the Dungeon.
             The game lasted 00:12:22 (9121 turns).

Newt the Markskobold (Kobold Hunter)                Turns: 9121, Time: 00:12:23

Health: -2/63      AC:  5    Str:  9    XL:     11   Next: 72%
Magic:  18/18      EV: 25    Int: 10    God:
Gold:   330        SH:  0    Dex: 29    Spells: 15/20 levels left

rFire   + . .      SeeInvis .    a - +3 shortbow
rCold   . . .      Faith    .    (shield currently unavailable)
rNeg    . . .      Spirit   .    c - +1 leather armour
rPois   .          Reflect  .    (no helmet)
rElec   .          Harm     .    f - +0 cloak
rCorr   .          Rampage  .    (no gloves)
Will    .....                    (no boots)
Stlth   +++                      n - amulet of regeneration
HPRegen 1.10/turn                m - +6 ring of dexterity
MPRegen 0.16/turn                j - ring of protection from fire

@: no status effects
A: small, no large weapons, nightstalker 3
a: no special abilities


You were on level 11 of the Dungeon.
You visited 2 branches of the dungeon, and saw 12 of its levels.

You collected 442 gold pieces.
You spent 112 gold pieces at shops.

Inventory:

Hand Weapons
 a - a +3 shortbow (weapon)
Armour
 c - a +1 leather armour (worn)
 f - a +0 cloak (worn)
 x - a +1 robe of willpower
Jewellery
 j - a ring of protection from fire (right hand)
 m - a +6 ring of dexterity (left hand)
 n - an amulet of regeneration (around neck)
 q - a ring of poison resistance
 u - a +6 ring of strength
 v - an amulet of the acrobat
 y - an amulet of magic regeneration
Wands
 r - a wand of iceblast (18)
 s - a wand of flame (24)
Scrolls
 b - 2 scrolls of immolation
 d - 4 scrolls of magic mapping
 k - 2 scrolls of teleportation
Potions
 e - 3 potions of flight
 g - 2 potions of might
 h - 3 potions of attraction
 i - a potion of resistance {unknown}
 l - a potion of lignification {unknown}
 o - a potion of magic {unknown}
 p - a potion of berserk rage
 t - a potion of ambrosia {unknown}
 w - 2 potions of haste {unknown}
 z - a potion of brilliance {unknown}
 A - a potion of curing


   Skills:
 - Level 5.0 Fighting
 - Level 15.0 Ranged Weapons
 - Level 10.0 Dodging
 - Level 1.3 Stealth
 - Level 5.0 Spellcasting
 + Level 8.3 Ice Magic
 - Level 4.0 Evocations


You had 15 spell levels left.
You knew the following spells:

 Your Spells              Type           Power      Damage    Failure   Level
a - Frozen Ramparts       Ice            38%        1d6       3%          3
b - Ensorcelled Hibernat  Hex/Ice        20%        N/A       9%          2

Your spell library contained the following spells:

 Spells                   Type           Power      Damage    Failure   Level
 Freeze                   Ice            76%        1d8       1%          1
 Hailstorm                Conj/Ice       10%        3d5       17%         3
 Magic Dart               Conj           8%         1d3       32%         1
 Necrotise                Necr           8%         1d4       32%         1
 Call Imp                 Summ           2%         N/A       43%         2
 Scorch                   Fire           4%         2d5       43%         2
 Searing Ray              Conj           4%         2d4       43%         2
 Ice Form                 Ice/Tmut       10%        N/A       50%         4
 Summon Ice Beast         Ice/Summ       10%        N/A       50%         4
 Gell's Gravitas          Tloc           2%         N/A       67%         3
 Ignite Poison            Fire/Tmut/Pois 2%         N/A       67%         3
 Inner Flame              Hex/Fire       2%         N/A       67%         3
 Kindle Blastsparks       Fire/Tloc/Air  4%         2d10      67%         3
 Mephitic Cloud           Conj/Pois/Air  2%         N/A       67%         3
 Spider Form              Tmut/Pois      2%         N/A       67%         3
 Teleport Other           Tloc           2%         N/A       67%         3
 Vampiric Draining        Necr           2%         2d6       67%         3
 Freezing Cloud           Conj/Ice/Air   4%         6-21      96%         5
 Anguish                  Hex/Necr       1%         N/A       97%         4
 Flame Wave               Conj/Fire      2%         2d4       97%         4
 Fulminant Prism          Conj/Hex       1%         3d5       97%         4
 Sticky Flame             Conj/Fire      2%         2d3       97%         4
 Agony                    Necr           2%         N/A       100%        5
 Dispersal                Tloc           1%         N/A       100%        6
 Summon Cactus Giant      Summ           1%         N/A       100%        6


Dungeon Overview and Level Annotations

Branches:
Dungeon (11/15)            Temple (1/1) D:5            Lair (0/5) D:11
    Orc: D:9-12

Altars:
Ashenzari
Cheibriados
Dithmenos
Elyvilon
Fedhas
Gozag
Kikubaaqudgha
Makhleb
Nemelex Xobeh
Okawaru
Qazlal
Ru
Sif Muna
Trog
Uskayaw
Vehumet
Wu Jian
Xom
Yredelemnul
Zin
The Shining One

Shops:
D:1 [   D:11 !(

Annotations:
D:7 2 transporters


Innate Abilities, Weirdness & Mutations

You are small and have problems with some larger weapons.
You are completely attuned to the shadows.


Message History

You open the door.
There is an open door here.
There is an entrance to Ixuxeyt's Distillery here.
A - a potion of curing;
B - a potion of heal wounds Thank you for shopping at Ixuxeyt's Distillery!
There is an open door here.
Found a stone staircase leading up.
Found Meagoeh's Antique Weapon Shop.
There is an entrance to Meagoeh's Antique Weapon Shop here.
Unknown command.
Unknown command.
A troll comes into view.
The troll shouts!
You hear a shout!
You hear a roar!
A troll comes into view.
Found a staircase to the Lair.
The troll closely misses you. x2; The troll completely misses you.
The troll bites you. The troll misses you. x2
You shoot an arrow. The arrow hits the troll!
The troll is moderately wounded.
The troll completely misses you. The troll claws you! The troll misses you.
The troll bites you. The troll closely misses you. The troll claws you!
You shoot an arrow. The arrow hits the troll!
The troll is severely wounded.
The troll completely misses you. The troll closely misses you.
The troll claws you! The troll bites you!
* * * LOW HITPOINT WARNING * * *
The troll completely misses you. The troll claws you!
* * * LOW HITPOINT WARNING * * *
You are too injured to fight recklessly!
You feel much better. The troll closely misses you.
The troll barely misses you. The troll misses you. The troll bites you!
* * * LOW HITPOINT WARNING * * *
The troll barely misses you. The troll claws you!
* * * LOW HITPOINT WARNING * * *
An acid dragon comes into view.
You shoot an arrow. The arrow hits the troll.
The troll is severely wounded.
You hear the loud beating of a very distant drum.
The troll bites you.
You die...

.......##.....#.....**
,...................,**
,,..................,,*
,,,,,,......PP......,**
,,,,,,......P∩P.##.,**
,,,,,,,.....PPP..#*,#**
,,,,,,,,........###..,*
,**,,,,,,.......T....,*
,**,,,,,,.......@....**
****,,,,,,,....T.....*** ****
****,,,,,,,.........D,,* **,,*
,**,,,,,,,,......>...,,***,,,*
,,**,,,,,,,,.........,,,*,,,,*
,,,,,,,,**,**,,,,,,,,,,,,,,,,*
,,,,,,,,,,,,*,,**,,,,,,,,,,,,*
,,,,,,***,,***,,,,,,,,,,,,,***
,,,,,,,,,,,,*,,,,,,,*,,,,,,*


You could see 2 trolls and an acid dragon.

Vanquished Creatures
  Erica (D:10)
  A two-headed ogre (D:11)
  Sonja (D:10)
  Psyche (D:8)
  A troll (D:11)
  2 hornets (D:9)
  Prince Ribbit (D:8)
  2 shadows (D:9)
  13 yaks
  4 steam dragons
  3 vampire mosquitoes (D:9)
  3 orc warriors
  2 sky beasts (D:8)
  2 ogres (D:4)
  3 phantoms
  A kobold brigand (D:10)
  7 bullfrogs
  2 scorpions (D:5)
  A water moccasin zombie (D:3)
  2 wights
  4 necrophages
  8 killer bees
  9 howler monkeys
  3 jellies
  A gnoll bouda (D:8)
  4 hounds
  7 orc priests
  5 orc wizards
  Ijyb (D:5)
  5 iguanas
  A hound zombie (D:3)
  6 gnolls
  8 adders
  A shadow imp (D:5)
  An ufetubus (D:4)
  6 worms
  2 dart slugs (D:4)
  38 orcs
  6 ball pythons
  5 bats
  8 endoplasms
  4 giant cockroaches
  6 goblins
  11 hobgoblins
  6 quokkas
  4 frilled lizards
  A giant cockroach zombie (D:3)
  A jackal zombie (D:3)
  13 kobolds
  3 rats
231 creatures vanquished.

Notes
Turn   | Place    | Note
-------+----------+-------------------------------------------
     0 | D:1      | Newt the Kobold Hunter began the quest for the Orb.
     0 | D:1      | Reached XP level 1. HP: 12/12 MP: 1/1
   140 | D:1      | Reached XP level 2. HP: 18/18 MP: 2/2
   146 | D:1      | Found Xoreefe's Antique Armour Shoppe.
   479 | D:1      | Found a faded altar of an unknown god.
   891 | D:2      | Reached XP level 3. HP: 23/23 MP: 3/3
  1249 | D:2      | Reached XP level 4. HP: 30/30 MP: 4/4
  1702 | D:3      | Reached skill level 5 in Fighting
  1702 | D:3      | Reached XP level 5. HP: 23/35 MP: 5/5
  1739 | D:3      | Reached skill level 6 in Ranged Weapons
  1741 | D:3      | HP: 2/52 [kobold/+0 dagger (1)]
  2012 | D:3      | Found a basalt altar of Yredelemnul.
  2024 | D:3      | Reached skill level 7 in Ranged Weapons
  2024 | D:3      | Reached XP level 6. HP: 32/40 MP: 6/6
  2778 | D:4      | Reached skill level 8 in Ranged Weapons
  3054 | D:4      | Noticed an ogre
  3076 | D:4      | Killed an ogre
  3077 | D:4      | Reached skill level 9 in Ranged Weapons
  3077 | D:4      | Reached XP level 7. HP: 14/44 MP: 7/7
  3817 | D:4      | Reached skill level 10 in Ranged Weapons
  3875 | D:5      | Entered Level 5 of the Dungeon
  3880 | D:5      | Noticed Ijyb
  4043 | D:5      | Killed Ijyb
  4167 | D:5      | Reached XP level 8. HP: 44/49 MP: 8/8
  4203 | D:5      | Found a blossoming altar of Fedhas.
  4228 | D:5      | Found a staircase to the Ecumenical Temple.
  4239 | D:5      | Reached skill level 5 in Dodging
  4243 | Temple   | Entered the Ecumenical Temple
  4618 | D:5      | Reached skill level 1 in Evocations
  4777 | D:5      | Found a radiant altar of Vehumet.
  5011 | D:6      | Reached skill level 11 in Ranged Weapons
  5011 | D:6      | Reached XP level 9. HP: 44/54 MP: 9/9
  5701 | D:7      | Found a sacrificial altar of Ru.
  5720 | D:7      | Reached skill level 12 in Ranged Weapons
  5999 | D:7      | Found a transporter.
  6005 | D:7      | Noticed a green ugly thing
  6006 | D:7      | Found a transporter.
  6037 | D:7      | Reached skill level 13 in Ranged Weapons
  6112 | D:7      | Reached skill level 14 in Ranged Weapons
  6307 | D:7      | Found a bloodstained altar of Trog.
  6547 | D:8      | Reached XP level 10. HP: 59/59 MP: 10/10
  6558 | D:8      | Reached skill level 15 in Ranged Weapons
  6796 | D:8      | Noticed Psyche
  6804 | D:8      | Noticed Prince Ribbit
  6885 | D:8      | Killed Prince Ribbit
  6907 | D:8      | Killed Psyche
  7058 | D:8      | Found a broken altar of Ashenzari.
  7059 | D:8      | Saw a vision of the Shoals and the Spider Nest.
  7059 | D:8      | Noticed a demonic crawler
  7059 | D:8      | Noticed a demonic crawler
  7059 | D:8      | Noticed a moth of wrath
  7059 | D:8      | Noticed a sea snake
  7059 | D:8      | Noticed a sea snake
  7059 | D:8      | Noticed a manticore
  7061 | D:8      | Noticed a merfolk siren
  7062 | D:8      | Noticed a sun moth
  7062 | D:8      | Noticed a merfolk impaler
  7064 | D:8      | Noticed a manticore
  7065 | D:8      | Noticed an entropy weaver
  7116 | D:8      | Reached skill level 10 in Dodging
  7124 | D:8      | Reached skill level 1 in Spellcasting
  7609 | D:9      | Found a burning altar of Makhleb.
  7720 | D:9      | Reached skill level 5 in Spellcasting
  7743 | D:9      | Found a white marble altar of Elyvilon.
  7746 | D:9      | Found a hide-covered altar of Uskayaw.
  7770 | D:9      | Reached skill level 1 in Ice Magic
  7770 | D:9      | Reached XP level 11. HP: 46/63 MP: 18/18
  7809 | D:9      | Learned a level 3 spell: Frozen Ramparts
  8179 | D:9      | Identified the +5 quarterstaff of Errey {drain, Dex+2}
  8363 | D:10     | Entered Level 10 of the Dungeon
  8506 | D:10     | Noticed Erica
  8526 | D:10     | HP: 3/63 [something (7)]
  8526 | D:10     | HP: 1/63 [something (2)]
  8559 | D:10     | Killed Erica
  8560 | D:10     | Reached skill level 5 in Ice Magic
  8954 | D:10     | Noticed Sonja
  8956 | D:10     | Noticed a death knight
  8957 | D:10     | Killed Sonja
  8993 | D:11     | Learned a level 2 spell: Ensorcelled Hibernation
  9020 | D:11     | Noticed a two-headed ogre
  9032 | D:11     | Killed a two-headed ogre
  9076 | D:11     | Found Ixuxeyt's Distillery.
  9084 | D:11     | Bought a potion of curing for 42 gold pieces
  9084 | D:11     | Bought a potion of heal wounds for 70 gold pieces
  9106 | D:11     | Found Meagoeh's Antique Weapon Shop.
  9116 | D:11     | Found a staircase to the Lair.
  9120 | D:11     | HP: 3/63 [troll (7)]
  9121 | D:11     | Slain by a troll

Illustrated notes

Levels and vault maps discovered:
D:1:      dpeg_arrival_pits, layout_basic, chequers_ecumenical_altar_simple,
          serial_shops, shop
D:2:      layout_basic
D:3:      cheibrodos_helix_gallery, layout_rooms,
          nicolae_yredelemnul_corpse_copse, kennysheep_pointless_box,
          minmay_misc_feat_plants, due_unseen_surprise
D:4:      layout_rooms, serial_rivers, chequers_serial_rivers_room_b,
          chequers_serial_rivers_micro_b, chequers_serial_rivers_large_b,
          chequers_serial_rivers_small_a, minmay_stone_trees_medium,
          kennysheep_potato
D:5:      layout_rooms, fedhas_altar_1, lemuel_coloured_pillars_altar,
          minmay_temple_entry_proselytizer, gup_sewer_entry_bubbles, uniq_ijyb
D:6:      layout_basic, dk_rats_in_the_wall
D:7:      gammafunk_corrupted_shrine, layout_cave_pools,
          mainiacjoe_overflow_six_doors_small, trog_hazing_becter,
          nicolae_sextant, nicolae_concentric_dashed_squares_mild
D:8:      minmay_evil_eye, layout_basic, grunt_ashenzari_visionary
          [grunt_ashenzari_visionary_shoals, grunt_ashenzari_visionary_spider],
          uniq_psyche, uniq_prince_ribbit1
D:9:      layout_roguey, lightli_temple_of_fire, jmf_multi_god_temple
D:10:     layout_basic, mainiacjoe_overflow_small_starburst, minmay_microvault,
          uniq_sonja, uniq_erica, uniq_harold
D:11:     layout_cave_pools, lair_entry_dummy, gauntlet_entry_generic,
          serial_shops, nicolae_shop_overgrown_old_shop,
          nicolae_shop_hallway_plus, nicolae_square_shop, special_room
          [special_room_orc]
Temple:   hellmonk_temple_flake

Skill      XL: |  1  2  3  4  5  6  7  8  9 10 11 |
---------------+----------------------------------+-----
Fighting       | 3 4 5 |  5.0
Ranged Weapons | 7 9 10 11 14 15 | 15.0
Dodging        | 4 6 10 | 10.0
Evocations     | 4 |  4.0
Spellcasting   | 5 |  5.0
Ice Magic      | 1 8 |  8.3
Stealth        | |  1.3

Action                     |  1- 3 |  4- 6 |  7- 9 | 10-12 || total
---------------------------+-------+-------+-------+-------++-------
  Melee: Shortbow          |       |     8 |       |       ||     8
   Fire: Shortbow          |    52 |   137 |   264 |   355 ||   808
   Cast: Frozen Ramparts   |       |       |       |     1 ||     1
  Evoke: Wand              |       |       |       |     5 ||     5
    Use: Scroll            |     3 |     8 |     5 |     6 ||    22
         Potion            |       |     1 |     1 |     5 ||     7
 Armour: Leather armour    |     2 |    32 |    20 |    30 ||    84
  Dodge: Dodged            |    14 |    98 |   144 |   211 ||   467

Table legend: (Time is in decaauts)
 A = Elapsed time spent in this place.
 B = Non-inter-level travel time spent in this place.
 C = Inter-level travel time spent in this place.
 D = Time resting spent in this place.
 E = Time spent auto-exploring this place.
 F = Levels seen in this place.
 G = Mean time per level.
                   A        B        C        D        E       F      G
               +--------+--------+--------+--------+--------+-----+--------+
         Total |   9170 |   8928 |    242 |   1386 |   6014 |  12 |  764.2 |
       Dungeon |   9013 |   8782 |    231 |   1386 |   5880 |  11 |  819.4 |
        Temple |    156 |    146 |     10 |      0 |    134 |   1 |  156.0 |
               +--------+--------+--------+--------+--------+-----+--------+

Top non-repeatable levels by time:
     D:4: 1482 daAuts
     D:2: 988 daAuts
     D:3: 913 daAuts
     D:9: 909 daAuts
     D:7: 895 daAuts
     D:8: 880 daAuts
     D:6: 774 daAuts
     D:1: 721 daAuts
     D:5: 713 daAuts
    D:10: 582 daAuts
  Temple: 156 daAuts
    D:11: 151 daAuts
